 Dungeon Crawl Stone Soup version 0.29-a0-563-g64e4043184 (webtiles) character file.

Game seed: 17437350101746926707

13 dolemite99 the Conjurer (level 2, -18/18 (20) HPs)
             Began as a Meteoran Conjurer on June 12, 2022.
             Was an Initiate of Ru.
             Killed by an exploding Terence (21 damage)
             ... ignited by their inner flame
             ... on level 2 of the Dungeon.
             The game lasted 00:03:46 (496 turns).

dolemite99 the Conjurer (Meteoran Conjurer)          Turns: 496, Time: 00:03:46

HP:   -18/18 (20)   AC:  2    Str:  8    XL:     2   Next: 70%
MP:   0/6           EV: 12    Int: 19    God:    Ru [......]
Gold: 37            SH:  0    Dex: 12    Spells: 3/6 levels left

rFire   . . .      SeeInvis .   i - +0 short sword
rCold   . . .      Faith    .   (no shield)
rNeg    . . .      Spirit   .   a - +0 robe
rPois   .          Reflect  .   (no helmet)
rElec   .          Harm     .   (no cloak)
rCorr   .          Rampage  .   (no gloves)
Will    .....                   (no boots)
Stlth   +.........              (no amulet)
HPRegen 0.06/turn               (no ring)
MPRegen 0.10/turn               (no ring)

@: glowing, heavily drained
A: sense surroundings 1, otherworldly, glowing, explore regen
a: Renounce Religion, Sacrifice Resistance, Sacrifice Courage, Sacrifice
Artifice, Reject Sacrifices


You were on level 2 of the Dungeon.
You worshipped Ru.
Ru was noncommittal.
You visited 1 branch of the dungeon, and saw 2 of its levels.

You collected 37 gold pieces.

Inventory:

Hand Weapons
 f - a +0 club
 g - a +0 dagger
 i - a +0 short sword (weapon)
Missiles
 j - 3 stones
Armour
 a - a +0 robe (worn)
Jewellery
 e - an amulet of the acrobat
Scrolls
 h - a scroll of fog {unknown}
 k - a scroll of silence {unknown}
Potions
 b - a potion of magic


   Skills:
 - Level 2.4 Dodging
 - Level 1.4 Stealth
 - Level 2.6 Spellcasting
 + Level 5.5 Conjurations


You had 3 spell levels left.
You knew the following spells:

 Your Spells              Type           Power      Damage    Failure   Level
a - Magic Dart            Conj           92%        1d7       1%          1
b - Searing Ray           Conj           46%        2d6       2%          2

Your spell library contained the following spells:

 Spells                   Type           Power      Damage    Failure   Level
 Dazzling Flash           Conj/Hex       26%        N/A       16%         3
 Fulminant Prism          Conj/Hex       6%         3d7       45%         4
 Iskenderun's Mystic Bla  Conj/Tloc      13%        2d5       45%         4


Dungeon Overview and Level Annotations

Branches:
Dungeon (2/15)

Altars:
Ru

Shops:
D:1 !


Innate Abilities, Weirdness & Mutations

You passively map a small area around you.
You are easily found by Zot.
You glow in the dark.
You regain HP and MP as you explore.


Message History

You can't see any susceptible monsters within range! (Use Z to cast anyway.)
Casting: Searing Ray (safe; 2% risk of failure)
Confirm with . or Enter, or press ? or * to list all spells.
Aiming: Magic Dart (safe; 1% risk of failure)
Press: ? - help, Shift-Dir - straight line, f - Terence
Aim: Terence, wielding the +7 Throatcutter {drain, coup de grace} and wearing a +1 chain mail of cold resistance (100% to hit)
The magic dart hits Terence but does no damage.
Casting: Magic Dart (safe; 1% risk of failure)
Confirm with . or Enter, or press ? or * to list all spells.
Aiming: Searing Ray (safe; 2% risk of failure)
Press: ? - help, Shift-Dir - straight line, f/p - Terence
Aim: Terence, wielding the +7 Throatcutter {drain, coup de grace} and wearing a +1 chain mail of cold resistance (84% to hit)
The searing ray hits Terence.
Terence is moderately wounded. (Press . to maintain the ray.)
The searing ray hits Terence.
Terence is heavily wounded.
The searing ray hits Terence but does no damage.
Terence is heavily wounded.
A worm comes into view.
The searing ray hits Terence but does no damage.
Terence is heavily wounded.
You finish channelling your searing ray.
Terence hits you with the +7 Throatcutter {drain, coup de grace}.
You feel drained.
As you read the scroll labelled KUALAFRICIE, it crumbles to dust.
The creatures around you are filled with an inner flame!
It was a scroll of immolation.
Terence hits you with the +7 Throatcutter {drain, coup de grace}!
Ouch! That really hurt!
You feel drained.
* * * LOW HITPOINT WARNING * * *
As you read the scroll labelled PAADDE RAEL, it crumbles to dust.
You feel a surge of unholy energy.
Terence convulses!
Flame seeps out of Terence.
The worm convulses!
Flame seeps out of the worm.
It was a scroll of torment.
Terence is engulfed in blazing flames.
Terence explodes!
The fiery explosion engulfs you!!
Ouch! That really hurt!
You die...

... ###.#.#.#.#.###
, ,.... #.#.....#.,
,
,....######.#......
,
,......#.......####
,
#.....#....##.....
, ,
..................
...............###
,#######..###.#.# *
#...@§§# .# #
#...§○..#*.# * * ,,
, #...§§§.#* # , *
#.......# , ,
..######..w , , ,
..? *#.#. ... , ,..
. , , , .. , .. , ,
, *


You could see a worm (inner flame).

Vanquished Creatures
  Terence (D:2)
  A dart slug (D:2)
  3 ball pythons (D:1)
  A bat (D:1)
  2 goblins (D:1)
  2 quokkas
  A kobold (D:1)
  A rat (D:1)
12 creatures vanquished.

Notes
Turn   | Place    | Note
-------+----------+-------------------------------------------
     0 | D:1      | dolemite99 the Meteoran Conjurer began the quest for the
                  | Orb.
     0 | D:1      | Reached XP level 1. HP: 14/14 MP: 5/5
    93 | D:1      | Reached skill level 5 in Conjurations
   196 | D:1      | Reached XP level 2. HP: 20/20 MP: 4/6
   250 | D:1      | Found Myqi's Distillery.
   362 | D:1      | Learned a level 2 spell: Searing Ray
   409 | D:1      | Found a faded altar of an unknown god.
   409 | D:1      | Noticed an Executioner
   417 | D:1      | Prayed at the altar of an unknown god.
   417 | D:1      | Became a worshipper of Ru the Awakened
   489 | D:2      | Noticed Terence
   496 | D:2      | Killed Terence
   496 | D:2      | Killed by an exploding Terence... ignited by their inner
                  | flame

Illustrated notes

Levels and vault maps discovered:
D:1:      elethiomel_arrival_infinity_welcomes_careful_drivers, layout_basic,
          dreamdust_ecumenical_altar_sealed_demon, serial_shops,
          nicolae_square_shop
D:2:      layout_basic, mrwooster_statue_mirror, chequers_serial_rivers_micro_c,
          grunt_ministairs_3, skrybe_limestone_x, kennysheep_doodads,
          kennysheep_generic_room_16, uniq_sigmund, uniq_terence

Skill      XL: |  1 |
---------------+----+-----
Conjurations   | 5 |  5.5
Dodging        | |  2.4
Stealth        | |  1.4
Spellcasting   | |  2.6

Action                   || total
-------------------------++-------
Melee: Club              ||     3
 Cast: Magic Dart        ||    16
       Searing Ray       ||     2
  Use: Scroll            ||     2
Armor: Robe              ||     1
Dodge: Dodged            ||     7

Table legend: (Time is in decaauts)
 A = Elapsed time spent in this place.
 B = Non-inter-level travel time spent in this place.
 C = Inter-level travel time spent in this place.
 D = Time resting spent in this place.
 E = Time spent auto-exploring this place.
 F = Levels seen in this place.
 G = Mean time per level.
                   A        B        C        D        E       F      G
               +--------+--------+--------+--------+--------+-----+--------+
         Total |    495 |    465 |     30 |     97 |    203 |   2 |  247.5 |
       Dungeon |    495 |    465 |     30 |     97 |    203 |   2 |  247.5 |
               +--------+--------+--------+--------+--------+-----+--------+

Top non-repeatable levels by time:
     D:1: 437 daAuts
     D:2: 57 daAuts
